 Dungeon Crawl Stone Soup version 0.29.1-1-gd02db6906a (webtiles) character file.

Game seed: 12580624995958698466

8 masschaos23 the Trooper (level 2, -1/27 HPs)
             Began as a Hill Orc Fighter on Sept 15, 2022.
             Succumbed to an adder's poison
             ... on level 2 of the Dungeon.
             The game lasted 00:00:26 (254 turns).

masschaos23 the Trooper (Hill Orc Fighter)           Turns: 254, Time: 00:00:26

Health: -1/27      AC:  6    Str: 18    XL:     2   Next: 8%
Magic:  2/2        EV:  9    Int:  8    God:
Gold:   11         SH:  4    Dex: 10    Spells: 1/1 levels left

rFire   . . .      SeeInvis .   a - +0 war axe
rCold   . . .      Faith    .   c - +0 buckler
rNeg    . . .      Spirit   .   b - +0 scale mail
rPois   .          Reflect  .   (no helmet)
rElec   .          Harm     .   (no cloak)
rCorr   .          Rampage  .   (no gloves)
Will    .....                   (no boots)
Stlth   ..........              (no amulet)
HPRegen 0.09/turn               (no ring)
MPRegen 0.08/turn               (no ring)

@: lethally poisoned (-1 -> -11)
A: no striking features
a: no special abilities


You were on level 2 of the Dungeon.
You visited 1 branch of the dungeon, and saw 2 of its levels.

You collected 11 gold pieces.

Inventory:

Hand Weapons
 a - a +0 war axe (weapon)
Armour
 b - a +0 scale mail (worn)
 c - a +0 buckler (worn)
Scrolls
 e - 2 scrolls of identify {unknown}
 h - a scroll of brand weapon {unknown}
Potions
 d - 2 potions of might
 f - a potion of curing {unknown}
 g - a potion of mutation {unknown}


   Skills:
 + Level 3.8 Fighting
 + Level 2.8 Axes
 + Level 3.5 Armour
 + Level 3.5 Shields


You had one spell level left.
You didn't know any spells.
Your spell library was empty.

Dungeon Overview and Level Annotations

Branches:
Dungeon (2/15)

Altars:
Okawaru


Message History

An adder is nearby!
You hit the adder but do no damage.
You feel sick. The adder bites you.
You are more poisoned.
The adder poisons you!
You completely miss the adder.
You feel very sick. The adder barely misses you. The adder bites you.
You are lethally poisoned!
The adder poisons you!
Unknown command.
You are too injured to fight recklessly!
There is a lethal amount of poison in your body!
There is a lethal amount of poison in your body!
You are too injured to fight recklessly!
There is a lethal amount of poison in your body!
You are too injured to fight recklessly!
There is a lethal amount of poison in your body!
You are too injured to fight recklessly!
There is a lethal amount of poison in your body!
You are too injured to fight recklessly!
Unknown command.
You are too injured to fight recklessly!
You miss the adder.
* * * LOW HITPOINT WARNING * * *
You feel very sick. The adder completely misses you.
The adder barely misses you.
You miss the adder.
* * * LOW HITPOINT WARNING * * *
You feel very sick. The adder barely misses you.
The adder bites you but does no damage.
You barely miss the adder.
* * * LOW HITPOINT WARNING * * *
You feel very sick. The adder bites you.
* * * LOW HITPOINT WARNING * * *
You are more poisoned.
The adder poisons you! You block the adder's attack.
You hit the adder.
The adder is moderately wounded.
You die...

######........#.#..#.#
#.....##..#.#..#.#
#.....##..#.#..#.#
#.....##..#.#..#.#
#......#..#.#..#.#
#..###.#.......#.##
#..........#
#..#...#### #..)@...#
#.....S#.#.#
.........#.#
......##.#.# ..)...
..#.# .....# ###.#
..>.. .# ....#


You could see an adder.

Vanquished Creatures
  A ball python (D:2)
  An endoplasm (D:2)
  A goblin (D:2)
  A quokka (D:2)
  3 kobolds (D:2)
7 creatures vanquished.

Notes
Turn   | Place    | Note
-------+----------+-------------------------------------------
     0 | D:1      | masschaos23 the Hill Orc Fighter began the quest for the
                  | Orb.
     0 | D:1      | Reached XP level 1. HP: 19/19 MP: 1/1
    28 | D:1      | You fall into a shaft and drop 1 floor!
   150 | D:2      | Found an iron altar of Okawaru.
   188 | D:2      | Reached XP level 2. HP: 27/27 MP: 2/2
   254 | D:2      | Succumbed to an adder's poison

Illustrated notes

Levels and vault maps discovered:
D:1:      evilmike_arrival_hilbert_curve, layout_rooms,
          ebering_ecumenical_altar_webs, minmay_misc_feat_four_crosses
D:2:      layout_basic, basic_altar

Action                   || total
-------------------------++-------
Melee: War axe           ||    24
Armor: Scale mail        ||    15
Dodge: Dodged            ||    14
Block: Buckler           ||     6
